 Dungeon Crawl Stone Soup version 0.20.1-1-g8b1a95d (webtiles) character file.

79 Mimshu the Covered (level 4, 0/29 HPs)
             Began as a Gargoyle Fighter on Dec 1, 2017.
             Slain by Jessica
             ... wielding a +0 club
              (2 damage)
             ... while paralysed by Grinder
             ... on level 3 of the Dungeon.
             The game lasted 00:06:09 (1769 turns).

Mimshu the Covered (Gargoyle Fighter)               Turns: 1769, Time: 00:06:09

Health: 0/29       AC: 10    Str: 20    XL:     4   Next: 37%
Magic:  4/4        EV:  2    Int:  8    God:
Gold:   126        SH:  0    Dex: 10    Spells: 3/3 levels left

rFire    + . .     SeeInvis .   a - +1 trident
rCold    . . .     Gourm    .   c - +1 shield
rNeg     + . .     Faith    .   b - +0 scale mail
rPois    ∞         Spirit   .   (no helmet)
rElec    +         Reflect  .   (no cloak)
rCorr    .         Harm     .   (no gloves)
MR       +....                  (no boots)
Stlth    ..........             (no amulet)
Regen    0.1/turn               q - ring of protection from magic
MPRegen  0.1/turn               l - ring of protection from fire

@: paralysed
A: negative energy resistance 1, electricity resistance, unbreathing,
petrification resistance, rot immunity, AC +3
a: no special abilities


You were on level 3 of the Dungeon.
You were not hungry.

You visited 1 branch of the dungeon, and saw 3 of its levels.

You collected 126 gold pieces.

Inventory:

Hand Weapons
 a - a +1 trident (weapon)
Missiles
 e - 82 stones (quivered)
Armour
 b - a +0 scale mail (worn)
 c - a +1 shield (worn)
 h - a +0 naga barding
Jewellery
 l - a ring of protection from fire (right hand)
 q - a ring of protection from magic (left hand)
Scrolls
 g - 2 scrolls of remove curse
 m - a scroll of enchant armour
Potions
 d - a potion of might
 j - a potion of magic {unknown}
 k - a potion of invisibility {unknown}
 o - a potion of agility {unknown}
Comestibles
 f - 4 bread rations
 i - a chunk of flesh
 n - 3 fruits


   Skills:
 + Level 3.7 Fighting
 + Level 3.0 Polearms
 + Level 3.8 Armour
 + Level 0.2 Dodging
 + Level 3.7 Shields


You had 3 spell levels left.
You didn't know any spells.

Dungeon Overview and Level Annotations

Branches:
Dungeon (3/15)

Altars:

Annotations:
D:3 Grinder, Jessica


Innate Abilities, Weirdness & Mutations

You are resistant to torment.
Your stone body is resilient. (AC +3)
You are immune to poison.
You resist negative energy. (rN+)
You are resistant to electric shocks. (rElec)
You can survive without breathing.
You are immune to petrification.
You are immune to rotting.


Message History

Grinder is moderately wounded.
You block Grinder's attack.
You hit Grinder.
Grinder is moderately wounded.
You block Jessica's attack. Grinder hits you.
You writhe in agony.
Jessica completely misses you.
Your shield and scale mail prevent you from hitting Grinder.
Grinder is moderately wounded.
Jessica is no longer moving quickly.
Jessica gestures at you while chanting. Pain shoots through your body!
Grinder gestures at you.
You suddenly lose the ability to move!
Jessica grins evilly.
Jessica hits you but does no damage. Grinder hits you!
* * * LOW HITPOINT WARNING * * *
Jessica looks very angry.
Jessica hits you with a club.
You die...

##### #...#
##...# #....#
#..#.# ###..#.#
###### #....#.#
......##.##.#.#
#..@....(.#
###@.##....#
#.5.## ......
........###
.%.##.
....>#### ...#
.... .## ... .#
(g .


You could see Grinder and Jessica.

Vanquished Creatures
  A gnoll (D:1)
  An adder (D:2)
  An ooze (D:1)
  2 worms (D:2)
  3 leopard geckos
  2 giant cockroaches (D:1)
  9 goblins
  2 hobgoblins (D:1)
  6 kobolds
  9 bats
  5 frilled lizards
  6 rats
47 creatures vanquished.

Notes
Turn   | Place    | Note
-------+----------+-------------------------------------------
     0 | D:1      | Mimshu the Gargoyle Fighter began the quest for the Orb.
     0 | D:1      | Reached XP level 1. HP: 14/14 MP: 1/1
    46 | D:1      | Reached XP level 2. HP: 19/19 MP: 2/2
   181 | D:1      | Reached XP level 3. HP: 24/24 MP: 3/3
  1225 | D:2      | Reached XP level 4. HP: 26/29 MP: 4/4
  1741 | D:3      | Noticed Jessica
  1749 | D:3      | Noticed Grinder
  1768 | D:3      | Paralysed by Grinder for 6 turns
  1769 | D:3      | Slain by Jessica

Skill      XL: |  1  2  3  4 |
---------------+-------------+-----
Polearms       | 2 3 |  3.0
Fighting       | |  3.7
Armour         | |  3.8
Dodging        | |  0.2
Shields        | |  3.7

Action                   |  1- 3 |  4- 6 || total
-------------------------+-------+-------++-------
Melee: Trident           |   124 |    34 ||   158
Throw: Stone             |     4 |       ||     4
  Use: Scroll            |     1 |     4 ||     5
  Eat: Chunk             |     1 |     2 ||     3
Armor: Scale mail        |    59 |    19 ||    78
Dodge: Dodged            |    37 |    11 ||    48
Block: Shield            |    66 |    13 ||    79
